 Dungeon Crawl Stone Soup version 0.30-a0-1006-g5d778dfbfc (webtiles) character file.

Game seed: 11541793681179751984

1992 Arcadio the Covert (level 9, 0/69 HPs)
             Began as a Vampire Brigand on Apr 5, 2023.
             Slain by an orc
             ... wielding a +1 mace of holy wrath
              (8 damage)
             ... on level 5 of the Dungeon.
             The game lasted 00:15:30 (5114 turns).

Arcadio the Covert (Vampire Brigand)                Turns: 5114, Time: 00:15:31

Health: 0/69       AC:  4    Str: 13    XL:     9   Next: 1%
Magic:  9/9        EV: 20    Int: 14    God:
Gold:   406        SH:  0    Dex: 19    Spells: 8/8 levels left

rFire   + . .      SeeInvis +    b - +7 short sword "Famimey" {heavy, rF+ Str+3}
rCold   . . .      Faith    .    (no shield)
rNeg    . . .      Spirit   .    p - +0 robe
rPois   .          Reflect  .    y - +0 helmet
rElec   .          Rampage  .    c - +0 cloak
rCorr   .                        (no gloves)
Will    .....                    (no boots)
Stlth   +++++                    (no amulet)
HPRegen 0.51/turn                x - +5 ring of evasion
MPRegen 0.11/turn                (no ring)

@: healing quickly
A: alive, fangs 3, see invisible, vampiric 2
a: Exsanguinate


You were on level 5 of the Dungeon.
You visited 1 branch of the dungeon, and saw 6 of its levels.

You collected 406 gold pieces.

Inventory:

Hand Weapons
 a - a +2 dagger
 b - the +7 short sword "Famimey" (weapon) {heavy, rF+ Str+3}
   (You found it on level 2 of the Dungeon)

   Str:       It affects your strength (+3).
   rF:        It protects you from fire.
 k - a +3 long sword
 w - a +2 dagger of venom
 B - a +0 short sword of draining
 D - a +2 whip of electrocution
 E - a +2 flail of protection
Missiles
 d - 16 poisoned darts (quivered)
 e - 4 curare-tipped darts
Armour
 c - a +0 cloak (worn)
 p - a +0 robe (worn)
 q - an orb of energy
 y - a +0 helmet (worn)
Jewellery
 x - a +5 ring of evasion (left hand)
Wands
 v - a wand of charming (8)
 C - a wand of flame (10)
Scrolls
 f - a scroll of amnesia {unknown}
 g - 6 scrolls of poison
 i - a scroll of enchant weapon {unknown}
 l - 2 scrolls of immolation {unknown}
 s - a scroll of fog {unknown}
 t - a scroll of vulnerability {unknown}
 F - a scroll of teleportation {unknown}
Potions
 h - a potion of resistance {unknown}
 j - 2 potions of flight
 m - 6 potions of curing
 o - a potion of might {unknown}
 r - 2 potions of lignification
 u - 2 potions of haste {unknown}
 z - a potion of degeneration {unknown}
 A - a potion of ambrosia {unknown}


   Skills:
 + Level 5.8 Fighting
 + Level 7.0 Short Blades
 - Level 1.5 Throwing
 + Level 5.5 Dodging
 + Level 11.1 Stealth


You had 8 spell levels left.
You didn't know any spells.
Your spell library contained the following spells:

 Spells                   Type           Power      Damage    Failure   Level
 Blink                    Tloc           0%         N/A       41%         2
 Lesser Beckoning         Tloc           0%         N/A       41%         2
 Momentum Strike          Conj/Tloc      0%         3d8       41%         2


Dungeon Overview and Level Annotations

Branches:
Dungeon (6/15) Zot: 26034
 Temple: D:4-7

Altars:
Okawaru
Yredelemnul

Annotations:
D:5 3 runed translucent doors, Sermion's ghost, amateur DsFi


Innate Abilities, Weirdness & Mutations

Your natural rate of healing is accelerated.
You have razor-sharp teeth.
You have supernaturally acute eyesight. (SInv)
You are afflicted with vampirism and can become a bat while bloodless.


Message History

You hit Edmund.
Edmund is severely wounded.
Edmund hits you with a +0 dire flail of protection!
The orc barely misses you.
You feel much better.
Edmund says, "People think my brother is the best.
I think he's crazy."
Edmund hits you with a +0 dire flail of protection!
The orc suddenly grunts, as Orcs often do.
The orc barely misses you.
You hit Edmund but do no damage.
Edmund is severely wounded.
Edmund completely misses you. The orc hits you but does no damage.
You hit Edmund but do no damage. You bite Edmund.
Edmund is almost dead.
Edmund hits you with a +0 dire flail of protection!
* * * LOW HITPOINT WARNING * * *
The orc hits you with a +1 mace of holy wrath.
* * * LOW HITPOINT WARNING * * *
You convulse.
* * * LOW HITPOINT WARNING * * *
You feel much better.
Edmund hits you with a +0 dire flail of protection!
The orc hits you but does no damage.
You hit Edmund.
Edmund is almost dead.
Edmund closely misses you. The orc misses you.
You hit Edmund but do no damage.
Edmund is almost dead.
Edmund closely misses you. The orc misses you.
You hit Edmund. You bite Edmund, but do no damage.
Edmund is almost dead.
Edmund hits you with a +0 dire flail of protection!
* * * LOW HITPOINT WARNING * * *
The orc misses you.
You hit Edmund.
You kill Edmund!
The orc hits you with a +1 mace of holy wrath.
* * * LOW HITPOINT WARNING * * *
You convulse!
You die...

#.# #.# #.#
########.####'#### #.#
#................# #.#
#.#######.#......# #.#
#.#.......#......#### #.#
#.#.###.#.#.#'#####.## #.##
#.#.# #.#.#.#.##.....# #...
#.#.###.#.#o#.##.....# ####
#.#.#.....#@#.##.....#
#.#.#.#.###)#'##.....#
######.#.#.#.# #..........#
.....#.#.#.#.#
#..........#######
####.#.#<#.#.#
#..........'......
...#.#.#.#.#.#
##.........#######
##.#.#.#.#.#.# #....##......#
#.#.#.#[#.#'####....#....##.#
#.#.#.#)......#######....##.#


You could see an orc.

Vanquished Creatures
  Pikel (D:5)
  Eustachio (D:5)
  Edmund (D:5)
  A black bear (D:5)
  2 ogres (D:5)
  A phantom (D:5)
  2 kobold brigands (D:5)
  3 lemures (D:5)
  2 scorpions (D:5)
  A howler monkey (D:5)
  3 orc priests
  3 jellies (D:5)
  2 sleepcaps (D:6)
  A gnoll bouda (D:5)
  Ijyb (D:5)
  5 iguanas
  2 orc wizards (D:5)
  Robin (D:5)
  3 gnolls
  7 adders
  A shadow imp (D:6)
  3 ufetubi (D:5)
  3 worms (D:3)
  A dart slug (D:2)
  22 orcs
  8 endoplasms
  3 giant cockroaches
  5 goblins
  6 hobgoblins
  12 jackals
  6 quokkas
  16 ball pythons
  2 bats
  2 frilled lizards
  15 kobolds
  5 rats
153 creatures vanquished.

Vanquished Creatures (others)
  A kobold (D:5)
1 creature vanquished.

Grand Total: 154 creatures vanquished

Notes
Turn   | Place    | Note
-------+----------+-------------------------------------------
     0 | D:1      | Arcadio the Vampire Brigand began the quest for the Orb.
     0 | D:1      | Reached XP level 1. HP: 16/16 MP: 1/1
    30 | D:1      | Reached skill level 6 in Stealth
    61 | D:1      | Reached XP level 2. HP: 13/22 MP: 2/2
   355 | D:1      | Gained mutation: You are afflicted with vampirism and can
                  | become a bat while bloodless. [Vampire growth]
   355 | D:1      | Reached XP level 3. HP: 28/28 MP: 3/3
   787 | D:2      | Identified the +7 short sword "Famimey" {heavy, rF+ Str+3}
  1754 | D:3      | Found a basalt altar of Yredelemnul.
  1755 | D:3      | Found an iron altar of Okawaru.
  1841 | D:3      | Reached XP level 4. HP: 31/34 MP: 4/4
  1951 | D:3      | Reached skill level 7 in Stealth
  2698 | D:4      | Reached XP level 5. HP: 41/41 MP: 5/5
  2747 | D:5      | Entered Level 5 of the Dungeon
  2766 | D:5      | HP: 2/41 [orc priest/divine providence (11)]
  2897 | D:5      | Found a runed translucent gate.
  2897 | D:5      | Found a runed translucent gate.
  2897 | D:5      | Found a runed translucent gate.
  2898 | D:5      | Noticed Sermion's ghost (amateur DsFi)
  2898 | D:5      | Identified the +1 whip "Onudd" {freeze, +Blink Int+2}
  2975 | D:5      | Reached skill level 8 in Stealth
  2975 | D:5      | Reached XP level 6. HP: 47/47 MP: 6/6
  3096 | D:5      | Noticed Ijyb
  3116 | D:5      | Noticed Robin
  3142 | D:5      | Killed Ijyb
  3143 | D:5      | Reached XP level 7. HP: 39/54 MP: 7/7
  3236 | D:5      | Killed Robin
  3301 | D:5      | Reached skill level 5 in Short Blades
  3306 | D:5      | Reached skill level 9 in Stealth
  4223 | D:6      | Noticed Eustachio
  4350 | D:5      | Killed Eustachio
  4351 | D:5      | Reached XP level 8. HP: 54/61 MP: 8/8
  4478 | D:6      | Reached skill level 5 in Fighting
  4494 | D:6      | Reached skill level 10 in Stealth
  4577 | D:6      | Noticed Pikel
  4748 | D:5      | Killed Pikel
  4749 | D:5      | Reached skill level 5 in Dodging
  4749 | D:5      | Reached skill level 11 in Stealth
  4979 | D:5      | Reached XP level 9. HP: 51/69 MP: 9/9
  5069 | D:6      | Noticed Edmund
  5114 | D:5      | Killed Edmund
  5114 | D:5      | Slain by an orc

Illustrated notes

Levels and vault maps discovered:
D:1:      lemuel_arrival_cross, layout_basic
D:2:      layout_loops_ring, roderic_serpentine_path, minmay_pentomino_r4
D:3:      layout_loops_cross, chequers_temple_overflow_statue_of_worship
D:4:      layout_basic
D:5:      layout_basic, biasface_ghost_orc_armoury, nicolae_goblin_pals
D:6:      layout_cave_pools, minmay_temple_entry_poolview,
          ebering_ghost_sewer_d, uniq_edmund, uniq_pikel, uniq_eustachio

Skill      XL: |  1  2  3  4  5  6  7  8 |
---------------+-------------------------+-----
Stealth        | 6 7 8 9 11 | 11.1
Fighting       | 2 3 4 5 |  5.8
Short Blades   | 3 4 5 7 |  7.0
Dodging        | 2 4 5 |  5.5
Throwing       | |  1.5

Action                     |  1- 3 |  4- 6 |  7- 9 || total
---------------------------+-------+-------+-------++-------
  Melee: Dagger            |    84 |       |       ||    84
         Bite              |    12 |    15 |    20 ||    47
         Short sword       |    38 |   106 |   178 ||   322
         Punch             |       |       |     3 ||     3
  Throw: Dart              |       |       |     5 ||     5
    Use: Scroll            |     4 |     2 |       ||     6
         Potion            |       |     2 |     3 ||     5
   Stab: Sleeping          |    19 |     4 |     4 ||    27
         Distracted        |     1 |       |       ||     1
 Armour: Robe              |    23 |    11 |    19 ||    53
  Dodge: Dodged            |    76 |    60 |   216 ||   352

Table legend: (Time is in decaauts)
 A = Elapsed time spent in this place.
 B = Non-inter-level travel time spent in this place.
 C = Inter-level travel time spent in this place.
 D = Time resting spent in this place.
 E = Time spent auto-exploring this place.
 F = Levels seen in this place.
 G = Mean time per level.
                   A        B        C        D        E       F      G
               +--------+--------+--------+--------+--------+-----+--------+
         Total |   5162 |   4937 |    225 |    458 |   3090 |   6 |  860.3 |
       Dungeon |   5162 |   4937 |    225 |    458 |   3090 |   6 |  860.3 |
               +--------+--------+--------+--------+--------+-----+--------+

Top non-repeatable levels by time:
     D:5: 2126 daAuts
     D:2: 881 daAuts
     D:3: 700 daAuts
     D:1: 656 daAuts
     D:4: 588 daAuts
     D:6: 208 daAuts
